Map: Orbital Shipyard

Players

yogi - Winner!

  • Race: Terran Terran
  • League: Silver

WildCatBrown

  • Race: Protoss Protoss
  • League: Gold

VOD

Have the link to the VOD?

Description

Time

  • Played on: Jan. 18, 2016, 11:37 a.m.
  • Length: 6:47
Show
View Real Time Build Order
Export as new Build Order

yogi Terran - Winner!

Build Orders: Liberator Opening 

Get SALT Encoding   

  12  0:02  SCV  
  13  0:14  SCV  
  13  0:20  Supply Depot  
  14  0:26  SCV  
  15  0:41  SCV  
  15  0:42  Barracks  
  16  0:53  SCV  
  16  0:55  Refinery  
  17  1:05  SCV  
  18  1:17  SCV  
  19  1:29  Marine  
  19  1:30  Orbital Command  
  20  1:43  Command Center  
  20  1:47  Barracks Reactor  
  20  1:56  Bunker  
  20  1:58  SCV  
  21  2:11  SCV  
  22  2:23  SCV  
  22  2:27  Factory  
  22  2:28  Supply Depot  
  23  2:48  Command Center  
  23  2:49  SCV  
  24  2:51  Marine  
  24  2:52  Marine  
  26  2:59  Refinery  
  26  3:04  Orbital Command  
  26  3:09  SCV  
  26  3:10  Marine  
  26  3:12  Marine  
  29  3:15  Factory Tech Lab  
  29  3:23  Starport  
  29  3:27  SCV  
  29  3:29  Marine  
  29  3:31  SCV  
  32  3:42  Cyclone  
  32  3:43  SCV x2  
  37  3:52  Marine x2  
  37  3:55  SCV, Liberator  
  40  4:01  Refinery, Orbital Command  
  40  4:04  SCV  
  41  4:12  SCV  
  41  4:14  Marine x2  
  41  4:16  SCV  
  48  4:22  Supply Depot  
  48  4:24  SCV  
  49  4:30  SCV x2  
  51  4:32  Siege Tank  
  51  4:37  SCV, Refinery  
  55  4:40  Marine  
  55  4:41  Marine  
  55  4:44  SCV  
  58  4:46  Liberator  
  58  4:51  SCV x2  
  58  4:52  Supply Depot  
  60  4:58  Marine  
  61  5:07  Siege Tank  
  61  5:08  Marine  
  61  5:09  SCV  
  61  5:10  SCV x2  
  68  5:16  Marine  
  68  5:17  Barracks  
  68  5:19  Barracks  
  69  5:26  Marine  
  70  5:30  Supply Depot, SCV  
  70  5:31  SCV  
  70  5:34  Marine  
  73  5:37  SCV  
  74  5:44  Marine  
  75  5:50  Medivac  
  75  5:52  Siege Tank, Marine  
  75  5:55  SCV  
  75  5:56  Supply Depot x2  
  82  6:02  Marine  
  83  6:06  Barracks Tech Lab x2  
  83  6:09  Barracks, Marine  
  83  6:10  Barracks  
  84  6:19  Marine  
  84  6:23  SCV x2  
  87  6:27  Marine  
Show
View Real Time Build Order
Export as new Build Order

WildCatBrown Protoss 

Build Orders: 1 Gate Expand 

Get SALT Encoding   

  12  0:01  Probe (Chrono Boost)  
  13  0:11  Probe (Chrono Boost)  
  14  0:19  Pylon  
  14  0:22  Probe (Chrono Boost)  
  15  0:30  Assimilator  
  15  0:38  Probe (Chrono Boost)  
  16  0:47  Gateway  
  16  0:48  Probe (Chrono Boost)  
  17  0:59  Probe (Chrono Boost)  
  18  1:09  Probe (Chrono Boost)  
  19  1:23  Nexus  
  19  1:26  Probe (Chrono Boost)  
  20  1:38  Probe (Chrono Boost)  
  21  1:40  Cybernetics Core  
  21  1:46  Assimilator  
  21  1:49  Probe (Chrono Boost)  
  22  1:56  Pylon  
  22  2:00  Probe (Chrono Boost)  
  22  2:10  Probe (Chrono Boost)  
  23  2:21  Probe (Chrono Boost), Warp Gate  
  24  2:29  Adept  
  26  2:35  Probe (Chrono Boost)  
  27  2:38  Probe (Chrono Boost)  
  28  2:46  Probe (Chrono Boost)  
  28  2:49  Mothership Core (Chrono Boost)  
  31  2:56  Adept  
  31  2:57  Probe (Chrono Boost)  
  34  3:00  Gateway  
  34  3:02  Gateway  
  34  3:07  Probe (Chrono Boost)  
  34  3:10  Probe (Chrono Boost)  
  36  3:20  Probe (Chrono Boost)  
  36  3:22  Robotics Facility  
  36  3:24  Adept  
  40  3:34  Probe x2 (Chrono Boost)  
  40  3:36  Forge  
  41  3:41  Assimilator  
  41  3:45  Probe (Chrono Boost)  
  41  3:47  Stalker, Assimilator  
  46  3:56  Sentry  
  46  4:06  Pylon  
  46  4:13  Pylon  
  46  4:25  Probe x2 (Chrono Boost)  
  46  4:26  Protoss Ground Weapons Level 1  
  46  4:27  Warp Prism  
  50  4:32  Photon Cannon  
  50  4:35  Probe (Chrono Boost)  
  51  4:43  Stalker x2  
  55  4:46  Gateway  
  55  4:51  Gateway  
  55  4:54  Twilight Council  
  55  4:55  Probe x2 (Chrono Boost)  
  57  5:02  Stalker  
  57  5:05  Probe (Chrono Boost)  
  60  5:18  Stalker  
  62  5:29  Pylon  
  62  5:34  Pylon  
  62  5:40  Probe (Chrono Boost)  
  62  5:41  Probe (Chrono Boost)  
  61  5:43  Robotics Bay  
  61  5:46  Immortal  
  61  6:02  Probe x2 (Chrono Boost)  
  63  6:10  Photon Cannon  
  61  6:12  Probe (Chrono Boost)  
  61  6:13  Probe (Chrono Boost)  
  63  6:21  Stalker x2  
  63  6:22  Stalker  
  63  6:23  Probe (Chrono Boost)  
  61  6:39  Zealot  
  53  6:40  Zealot  
Tags
 
Add a new tag
Caveats
  • Supply blocks, unpowered buildings, or Contaminate may cause inaccurate times.
  • Supply counts are checked every 10 seconds.